 Seeded DCSS version 0.29.1-1-gd02db6906a (webtiles) character file.

Game seed: 1 (custom seed)

37 Kazon the Poker (level 3, -14/30 HPs)
             Began as a Merfolk Berserker on Oct 11, 2022.
             Was a Believer of Trog.
             Demolished by a gnoll
             ... wielding a +0 halberd
              (17 damage)
             ... on level 2 of the Dungeon.
             The game lasted 00:05:07 (833 turns).

Kazon the Poker (Merfolk Berserker)                  Turns: 833, Time: 00:05:07

Health: -14/30     AC:  2    Str: 21    XL:     3   Next: 39%
Magic:  3/3        EV: 10    Int:  6    God:    Trog [**....]
Gold:   121        SH: 10    Dex: 13    Spells: 2/2 levels left

rFire   . . .      SeeInvis .   a - +0 spear
rCold   . . .      Faith    .   c - +3 kite shield "Xuny" {Rampage rN+ Str+2}
rNeg    + . .      Spirit   .   b - +0 animal skin
rPois   .          Reflect  .   (no helmet)
rElec   .          Harm     .   (no cloak)
rCorr   .          Rampage  +   (no gloves)
Will    .....                   (no boots)
Stlth   +.........              d - amulet of the acrobat
HPRegen 0.10/turn               (no ring)
MPRegen 0.08/turn               (no ring)

@: no status effects
A: (nimble swimmer 2), mertail
a: Renounce Religion, Berserk, Trog's Hand


You were on level 2 of the Dungeon.
You worshipped Trog.
Trog was pleased with you.
You visited 1 branch of the dungeon, and saw 2 of its levels.

You collected 121 gold pieces.

Inventory:

Hand Weapons
 a - a +0 spear (weapon)
Missiles
 i - 3 stones
 j - 3 boomerangs (quivered)
Armour
 b - a +0 animal skin (worn)
 c - the +3 kite shield "Xuny" (worn) {Rampage rN+ Str+2}
   (You acquired it on level 1 of the Dungeon)

   Str:       It affects your strength (+2).
   rN:        It protects you from negative energy.
   Rampage:   It bestows one free step when moving towards enemies.
Jewellery
 d - an amulet of the acrobat (around neck)
Scrolls
 h - 2 scrolls of identify {unknown}
Potions
 e - a potion of haste {unknown}
 f - a potion of flight {unknown}
 g - a potion of attraction {unknown}


   Skills:
 + Level 3.8 Fighting
 + Level 4.9 Polearms
 + Level 1.5 Armour
 + Level 3.0 Dodging
 + Level 0.2 Shields


You had 2 spell levels left.
You didn't know any spells.
Your spell library was empty.

Dungeon Overview and Level Annotations

Branches:
Dungeon (2/15)

Altars:


Innate Abilities, Weirdness & Mutations

((You are very nimble when in or above water. (Stealth+, EV+, Speed+++)))
Your lower body shifts to a powerful aquatic tail in water.


Message History

a +0 dagger; a kobold corpse A gnoll comes into view.
It is wielding a +0 halberd.
A frilled lizard comes into view.
Found 3 boomerangs.
You rampage towards the frilled lizard!
The helpless frilled lizard fails to defend itself.
You hit the frilled lizard.
You kill the frilled lizard!
Trog accepts your kill.
You see here 3 boomerangs.
j - 3 boomerangs Throw: 3 boomerangs
Press: ? - help, Q - select action, (/) - cycle Shift-Dir - straight line, f - gnoll
Aim: a gnoll, wielding a +0 halberd (61% to hit)
You throw a boomerang.
The boomerang hits the gnoll but does no damage.
Unknown command.
Throw: 3 boomerangs
Press: ? - help, Q - select action, (/) - cycle Shift-Dir - straight line, f/p - gnoll
Aim: a gnoll, wielding a +0 halberd (61% to hit)
You throw a boomerang.
The boomerang hits the gnoll but does no damage.
Unknown command.
Throw: 3 boomerangs
Press: ? - help, Q - select action, (/) - cycle Shift-Dir - straight line, f/p - gnoll
Aim: a gnoll, wielding a +0 halberd (61% to hit)
You throw a boomerang. The boomerang barely misses the gnoll.
The gnoll hits you from afar with a +0 halberd!
You rampage towards the gnoll!
You puncture the gnoll!
The gnoll is heavily wounded.
The gnoll hits you with a +0 halberd.
You barely miss the gnoll.
The gnoll is heavily wounded.
The gnoll hits you with a +0 halberd!
* * * LOW HITPOINT WARNING * * *
You barely miss the gnoll.
The gnoll is heavily wounded.
The gnoll hits you with a +0 halberd!
Ouch! That really hurt!
You die...

## ... ..
#.###############
####................
........@g....#
#############.##
#..........#
#.#######..# ##.##
#..# ###...#### #..#
#........# #...
#.#...##.# #....
##.##.## .......g


You could see a gnoll.

Vanquished Creatures
  An adder (D:2)
  A worm (D:2)
  4 endoplasms (D:1)
  A giant cockroach (D:1)
  4 goblins (D:1)
  3 hobgoblins
  2 kobolds
  A quokka (D:1)
  2 bats
  A frilled lizard (D:2)
  3 rats (D:1)
23 creatures vanquished.

Notes
Turn   | Place    | Note
-------+----------+-------------------------------------------
     0 | D:1      | Kazon the Merfolk Berserker began the quest for the Orb.
     0 | D:1      | Reached XP level 1. HP: 18/18 MP: 1/1
    47 | D:1      | Identified a scroll of acquirement
    47 | D:1      | Acquired the +3 kite shield "Xuny" {Rampage rN+ Str+2}
   229 | D:1      | Reached XP level 2. HP: 22/24 MP: 2/2
   682 | D:2      | Reached XP level 3. HP: 27/30 MP: 3/3
   709 | D:2      | Reached ** piety under Trog
   833 | D:2      | Demolished by a gnoll

Illustrated notes

Levels and vault maps discovered:
D:1:      dpeg_arrival_three_smaller_balls, layout_basic
D:2:      layout_loops_ring

Skill      XL: |  1  2 |
---------------+-------+-----
Dodging        | 3 |  3.0
Fighting       | |  3.8
Polearms       | |  4.9
Armour         | |  1.5
Shields        | |  0.2

Action                   || total
-------------------------++-------
Melee: Spear             ||    72
Throw: Boomerang         ||     3
  Use: Scroll            ||     1
 Stab: Sleeping          ||     1
Armor: Animal skin       ||     9
Dodge: Dodged            ||    28
Block: Kite shield       ||    17
